 Dungeon Crawl Stone Soup version 0.28-a0-1202-g1e6f1b2279 (webtiles) character file.

Game seed: 7245588580264042099

8444 Peloso the Carver (level 11, -1/97 HPs)
             Began as a Minotaur Fighter on Dec 20, 2021.
             Was an Elder of Okawaru.
             Succumbed to a killer bee's poison
             ... on level 9 of the Dungeon.
             The game lasted 00:35:04 (12278 turns).

Peloso the Carver (Minotaur Fighter)               Turns: 12278, Time: 00:35:05

Health: -1/97      AC: 15    Str: 23    XL:     11   Next: 10%
Magic:  10/10      EV: 10    Int:  5    God:    Okawaru [****..]
Gold:   500        SH:  6    Dex: 12    Spells: 10/10 levels left

rFire   . . .      SeeInvis .   a - +0 long sword
rCold   . . .      Faith    .   c - +0 buckler
rNeg    + . .      Spirit   .   m - +0 chain mail
rPois   .          Reflect  .   (helmet restricted)
rElec   .          Harm     .   C - +0 cloak
rCorr   .          Rampage  .   A - +0 pair of gloves
Will    .....                   (no boots)
Stlth   ..........              (no amulet)
HPRegen 0.26/turn               r - ring of positive energy
MPRegen 0.12/turn               z - ring of flight

@: lethally poisoned (-1 -> -24), about to teleport, flying, hasted, very quick
A: horns 2, retaliatory headbutt
a: Renounce Religion, Heroism, Finesse


You were on level 9 of the Dungeon.
You worshipped Okawaru.
Okawaru was greatly pleased with you.
You visited 2 branches of the dungeon, and saw 10 of its levels.
You also visited: Sewer and Ossuary.

You collected 660 gold pieces.
You spent 160 gold pieces at shops.

Inventory:

Hand Weapons
 a - a +0 long sword (weapon)
Missiles
 G - a throwing net (quivered)
Armour
 b - a +0 scale mail
 c - a +0 buckler (worn)
 d - a +1 scale mail of poison resistance
 m - a +0 chain mail (worn)
 A - a +0 pair of gloves (worn)
 C - a +0 cloak (worn)
Jewellery
 r - a ring of positive energy (left hand)
 x - a ring of wizardry
 z - a ring of flight (right hand)
Wands
 y - a wand of digging (4)
 I - a wand of polymorph (7)
 J - a wand of flame (12)
Scrolls
 e - 2 scrolls of fog
 h - 2 scrolls of enchant weapon
 i - a scroll of magic mapping
 k - 3 scrolls of brand weapon
 l - 4 scrolls of fear
 v - 3 scrolls of teleportation
 w - a scroll of identify
 B - 2 scrolls of enchant armour
 F - a scroll of blinking
 H - a scroll of immolation
 L - 3 scrolls of noise {unknown}
Potions
 f - 3 potions of mutation
 g - a potion of might
 n - 2 potions of berserk rage
 o - 2 potions of brilliance
 p - 3 potions of resistance
 s - 3 potions of haste
 t - a potion of cancellation {unknown}
 u - a potion of invisibility {unknown}
 D - a potion of lignification {unknown}
 E - a potion of ambrosia
 K - 2 potions of attraction {unknown}


   Skills:
 + Level 9.0 Fighting
 + Level 12.5 Long Blades
 + Level 12.0 Armour
 + Level 3.6 Dodging
 + Level 0.4 Stealth
 + Level 8.0 Shields
 + Level 0.1 Unarmed Combat
 + Level 1.2 Evocations


You had 10 spell levels left.
You didn't know any spells.
Your spell library contained the following spells:

 Spells                   Type           Power      Damage    Failure   Level
 Foxfire                  Conj/Fire      0%         2x1d4     95%         1
 Sandblast                Erth           0%         2d4       95%         1
 Corpse Rot               Necr/Air       0%         N/A       99%         2
 Passwall                 Tmut/Erth      0%         N/A       99%         2
 Conjure Flame            Conj/Fire      0%         6-21      100%        3
 Dazzling Flash           Conj/Hex       0%         N/A       100%        3
 Gell's Gravitas          Tloc           0%         N/A       100%        3
 Inner Flame              Hex/Fire       0%         N/A       100%        3
 Stone Arrow              Conj/Erth      0%         3d7       100%        3
 Teleport Other           Tloc           0%         N/A       100%        3
 Cause Fear               Hex            0%         N/A       100%        4
 Dispel Undead            Necr           0%         3d6       100%        4
 Flame Wave               Conj/Fire      0%         2d4       100%        4
 Agony                    Necr           0%         N/A       100%        5
 Silence                  Hex/Air        0%         N/A       100%        5
 Dispersal                Tloc           0%         N/A       100%        6
 Dragon Form              Tmut           0%         N/A       100%        7
 Death Channel            Necr           Unusable   N/A       N/A         6
 Dragon's Call            Summ           Unusable   N/A       N/A         9

Dungeon Overview and Level Annotations

Branches:
Dungeon (9/15)             Temple (1/1) D:7           Sewer (visited)
Ossuary (visited)
   Lair: D:8-11         Orc: D:9-12

Altars:
Cheibriados
Dithmenos
Gozag
Hepliaklqana
Makhleb
Okawaru
Ru
Trog
Vehumet
Wu Jian
Xom
Yredelemnul
Zin
The Shining One

Shops:
D:2 (   D:9 =*

Annotations:
D:6 1 runed translucent door, ChaosChampion's ghost, novice DrTm


Innate Abilities, Weirdness & Mutations

You have a pair of horns on your head.
You reflexively headbutt those who attack you in melee.


Message History

* * * LOW HITPOINT WARNING * * *
You are more poisoned.
The killer bee poisons you!
You slash the killer bee!
You kill the killer bee!
Okawaru accepts your kill.
You feel very sick.
The killer bee stings you but does no damage.
Your Shields skill increases to level 8!
Unknown command.
As you read the scroll of teleportation, it crumbles to dust.
You feel strangely unstable.
You feel very sick. The killer bee closely misses you. You furiously retaliate!
You headbutt the killer bee!
The killer bee stings you but does no damage.
Unknown command.
You slash the killer bee!
You kill the killer bee!
Okawaru accepts your kill.
You feel sick.
The killer bee stings you but does no damage.
Unknown command.
You miss the killer bee.
You feel sick.
The killer bee stings you but does no damage.
The killer bee stings you.
* * * LOW HITPOINT WARNING * * *
You are lethally poisoned!
The killer bee poisons you!
Unknown command.
You hit the killer bee.
The killer bee is lightly wounded.
* * * LOW HITPOINT WARNING * * *
You feel very sick. The killer bee stings you.
* * * LOW HITPOINT WARNING * * *
You are more poisoned.
The killer bee poisons you!
It was a potion of haste.
You feel yourself speed up.
You die...

.....##....)......#
.....####........##
....## ##..(.∩...##
.....# #..........#
.....###..........#
......##.#######..#
....#....#.. #.>#
...####..#†.† #..#
#### #..#..!y #@##
#..#!...!#y#
##.#..yy†.y#
#.######### #...#
#...# #.<.# #####


You could see 2 killer bees.

Vanquished Creatures
  Harold (D:7)
  A boulder beetle (D:8)
  Pikel (D:5)
  A queen bee (D:9)
  A hornet (D:9)
  Prince Ribbit (D:9)
  A wyvern (D:9)
  2 yaks (D:9)
  A shadow (D:9)
  2 steam dragons
  3 vampire mosquitoes (D:8)
  Menkaure (D:5)
  2 water moccasins (D:8)
  An orc warrior (D:9)
  2 sky beasts
  A necrophage (D:8)
  4 ogres
  3 centaurs
  6 bullfrogs
  2 elf zombies (Ossuary)
  A gnoll sergeant (D:9)
  A scorpion (D:5)
  2 water moccasin zombies (D:6)
  A wyvern skeleton (D:5)
  A water moccasin skeleton (D:5)
  30 killer bees
  2 jellies (D:5)
  3 howler monkeys
  3 wights (D:7)
  2 centaur zombies
  A human zombie (Ossuary)
  2 bullfrog zombies (D:6)
  2 hounds (D:5)
  2 orc priests
  A gnoll shaman (D:7)
  3 iron imps (D:3)
  Jessica (D:2)
  An iguana (D:6)
  Natasha (thrice) (D:2)
  7 orc wizards
  A killer bee zombie (D:6)
  2 hound zombies (Ossuary)
  A hound skeleton (D:5)
  4 mummies (Ossuary)
  3 howler monkey zombies
  11 adders
  8 gnolls
  4 river rats (Sewer)
  3 shadow imps (D:6)
  A white imp (D:5)
  4 worms
  A dart slug (D:3)
  22 orcs
  16 ball pythons
  13 endoplasms
  3 giant cockroaches
  4 goblins
  9 hobgoblins
  7 jackals
  3 quokkas
  6 bats
  6 frilled lizards
  A gnoll zombie (Ossuary)
  2 goblin zombies (Ossuary)
  A jackal zombie (Ossuary)
  2 kobolds
  3 orc zombies (Ossuary)
  28 rats
275 creatures vanquished.

Notes
Turn   | Place    | Note
-------+----------+-------------------------------------------
     0 | D:1      | Peloso the Minotaur Fighter began the quest for the Orb.
     0 | D:1      | Reached XP level 1. HP: 19/19 MP: 0/0
   218 | D:1      | Reached XP level 2. HP: 27/27 MP: 1/1
   892 | D:2      | Reached XP level 3. HP: 31/33 MP: 2/2
  1171 | D:2      | Reached XP level 4. HP: 40/40 MP: 3/3
  1221 | D:2      | Noticed Natasha
  1228 | D:2      | Killed Natasha
  1308 | D:2      | Found a faded altar of an unknown god.
  1313 | D:2      | Noticed Natasha
  1327 | D:2      | Killed Natasha
  1539 | D:2      | Reached XP level 5. HP: 46/46 MP: 4/4
  1548 | D:2      | Noticed Jessica
  1553 | D:2      | Noticed Natasha
  1557 | D:2      | Killed Jessica
  1558 | D:2      | Reached skill level 5 in Long Blades
  1565 | D:2      | Killed Natasha
  1807 | D:2      | Found Qiull's Antique Weapon Emporium.
  2254 | D:3      | Reached skill level 1 in Dodging
  2414 | D:3      | Reached skill level 5 in Armour
  2486 | D:3      | Found a burning altar of Makhleb.
  2513 | D:3      | Reached XP level 6. HP: 53/53 MP: 5/5
  3142 | D:4      | Found a sand-covered staircase.
  3150 | Ossuary  | Entered an ossuary
  3173 | Ossuary  | Reached skill level 5 in Fighting
  3173 | Ossuary  | Reached XP level 7. HP: 45/61 MP: 6/6
  3570 | D:4      | Found a glowing drain.
  3582 | Sewer    | Entered a sewer
  4988 | D:2      | Bought a bloodstained falchion for 160 gold pieces
  4988 | D:2      | Identified the +6 falchion "Ugreyxto" {chaos, Contam rElec
                  | rC++ SInv} (You bought it in a shop on level 2 of the
                  | Dungeon)
  5096 | D:5      | Entered Level 5 of the Dungeon
  5153 | D:5      | Found a shimmering altar of Xom.
  5165 | D:5      | Reached XP level 8. HP: 58/69 MP: 7/7
  5456 | D:5      | Reached skill level 5 in Shields
  5505 | D:5      | Noticed Menkaure
  5510 | D:5      | Killed Menkaure
  5775 | D:5      | Found a shadowy altar of Dithmenos.
  6275 | D:6      | Noticed Pikel
  6299 | D:5      | Killed Pikel
  6371 | D:5      | Reached XP level 9. HP: 55/78 MP: 8/8
  6842 | D:6      | Found a basalt altar of Yredelemnul.
  7105 | D:6      | Reached skill level 10 in Long Blades
  7412 | D:6      | Found an ornate altar of the Wu Jian Council.
  7421 | D:6      | Found a hazy altar of Hepliaklqana.
  7620 | D:6      | Identified the +6 quarterstaff "Fatuz" {vorpal, Will+}
  7750 | D:6      | Found a runed translucent door.
  7751 | D:6      | Found a shimmering altar of Xom.
  7751 | D:6      | Noticed ChaosChampion's ghost (novice DrTm)
  7751 | D:6      | Noticed a +0 hand axe of chaos
  7848 | D:7      | Found a staircase to the Ecumenical Temple.
  7856 | Temple   | Entered the Ecumenical Temple
  7864 | Temple   | Became a worshipper of Warmaster Okawaru
  8053 | D:7      | Noticed Harold
  8077 | D:7      | Killed Harold
  8077 | D:7      | Reached * piety under Okawaru
  8078 | D:7      | Reached skill level 10 in Armour
  8371 | D:7      | Reached XP level 10. HP: 86/88 MP: 9/9
  8935 | D:8      | Reached ** piety under Okawaru
  8936 | D:8      | Found a bloodstained altar of Trog.
  9455 | D:8      | Found a glowing golden altar of the Shining One.
  9457 | D:8      | Found a sacrificial altar of Ru.
  9459 | D:8      | Found a glowing silver altar of Zin.
 10091 | D:8      | Noticed a boulder beetle
 10105 | D:8      | Killed a boulder beetle
 10473 | D:8      | Reached *** piety under Okawaru
 10838 | D:9      | Paralysed by a hornet for 1 turns
 10846 | D:9      | Reached skill level 1 in Evocations
 11146 | D:9      | Found Rytz's Jewellery Shoppe.
 11151 | D:9      | Noticed Prince Ribbit
 11153 | D:9      | Found Dempie's Assorted Antiques.
 11181 | D:9      | Killed Prince Ribbit
 11813 | D:9      | Reached **** piety under Okawaru
 11837 | D:9      | Reached XP level 11. HP: 26/95 MP: 7/10
 11855 | D:9      | HP: 4/97 [poisoned by a killer bee]
 12277 | D:9      | HP: 4/97 [killer bee (6)]
 12278 | D:9      | Succumbed to a killer bee's poison

Illustrated notes

Levels and vault maps discovered:
D:1:      minmay_arrival_five_plusses, layout_basic
D:2:      layout_basic, hellmonk_ecumenical_altar_pennies_from_heaven,
          serial_shops, shop, uniq_jessica, uniq_natasha
D:3:      layout_basic, demons_altar, minmay_hedge_maze,
          nicolae_elevator_lobby_asterisk
D:4:      layout_rooms, chequers_ossuary_entry_cave, cheibrodos_sewer_entry_bend
D:5:      layout_loops_corners, mainiacjoe_overflow_brackets,
          nicolae_overflow_hidden_temple, abandoned_shop, grunt_ministairs_8,
          minmay_starry_boxes, uniq_menkaure
D:6:      layout_basic, nicolae_yredelemnul_corpse_copse,
          mainiacjoe_overflow_swirl, ebering_ghost_xom, minmay_statues_item,
          uniq_pikel
D:7:      layout_basic, minmay_temple_entry_overgrown, serial_bayou_crossing,
          uniq_harold
D:8:      layout_layer_cave, grunt_temple_overflow_open
D:9:      minmay_angry_zag, layout_rooms, special_room [special_room_bee],
          serial_shops, shop, nicolae_shop_temple_entry_statues_fountains,
          nicolae_shop_stone, nrook_mini_vaults, uniq_prince_ribbit1,
          uniq_maggie
Temple:   dpeg_three_leaves_temple

Skill      XL: |  1  2  3  4  5  6  7  8  9 10 11 |
---------------+----------------------------------+-----
Long Blades    | 3 4 5 6 7 9 11 12 | 12.5
Armour         | 4 5 6 7 8 10 11 12 | 12.0
Fighting       | 4 5 6 7 8 9 |  9.0
Shields        | 4 5 6 7 8 |  8.0
Dodging        | 1 2 3 |  3.6
Evocations     | 1 |  1.2
Stealth        | |  0.4
Unarmed Combat | |  0.1

Action                   |  1- 3 |  4- 6 |  7- 9 | 10-12 || total
-------------------------+-------+-------+-------+-------++-------
Melee: Long sword        |    72 |   140 |   423 |   287 ||   922
       Headbutt          |     8 |    29 |    76 |    41 ||   154
       Unarmed           |       |    10 |       |       ||    10
Invok: Heroism           |       |       |       |     2 ||     2
Evoke: Wand              |       |       |     3 |     7 ||    10
  Use: Scroll            |       |     6 |     8 |     7 ||    21
       Potion            |       |     2 |       |     4 ||     6
Armor: Scale mail        |    29 |    11 |       |       ||    40
       Skin              |       |     4 |       |       ||     4
       Chain mail        |       |    77 |   208 |   162 ||   447
Dodge: Dodged            |    42 |    63 |   152 |   132 ||   389
Block: Buckler           |    16 |    27 |   103 |    87 ||   233

Table legend: (Time is in decaauts)
 A = Elapsed time spent in this place.
 B = Non-inter-level travel time spent in this place.
 C = Inter-level travel time spent in this place.
 D = Time resting spent in this place.
 E = Time spent auto-exploring this place.
 F = Levels seen in this place.
 G = Mean time per level.
                   A        B        C        D        E       F      G
               +--------+--------+--------+--------+--------+-----+--------+
         Total |  12334 |  11984 |    350 |    925 |   8554 |  12 | 1027.8 |
       Dungeon |  11071 |  10721 |    350 |    834 |   7899 |   9 | 1230.1 |
        Temple |     17 |     17 |      0 |      0 |      0 |   1 |   17.0 |
         Sewer |    896 |    896 |      0 |     91 |    481 |   1 |  896.0 |
       Ossuary |    349 |    349 |      0 |      0 |    174 |   1 |  349.0 |
               +--------+--------+--------+--------+--------+-----+--------+

Top non-repeatable levels by time:
     D:8: 2065 daAuts
     D:9: 1472 daAuts
     D:6: 1375 daAuts
     D:5: 1330 daAuts
     D:2: 1262 daAuts
     D:3: 1014 daAuts
     D:1: 1007 daAuts
   Sewer: 896 daAuts
     D:7: 851 daAuts
     D:4: 691 daAuts
 Ossuary: 349 daAuts
  Temple: 17 daAuts
